 Dungeon Crawl Stone Soup version 0.25.1-2-g60ff931df9 (webtiles) character file.

Game seed: 17497138960768678972

75135 nicanaca0 the Executioner (level 15, -6/144 HPs)
             Began as a Minotaur Berserker on Sept 29, 2020.
             Was a High Priest of Trog.
             Mangled by a two-headed ogre
             ... wielding a cursed -2 giant spiked club
              (8 damage)
             ... on level 2 of the Orcish Mines.
             The game lasted 01:02:12 (28706 turns).

nicanaca0 the Executioner (Minotaur Berserker)     Turns: 28706, Time: 01:02:12

Health: -6/144     AC: 20    Str: 23    XL:     15   Next: 8%
Magic:  4/4        EV: 11    Int:  8    God:    Trog [*****.]
Gold:   1683       SH:  5    Dex: 11    Spells: 14/14 levels left

rFire    . . .     SeeInvis +   a - +3 battleaxe (antimagic)
rCold    . . .     Gourm    .   (shield currently unavailable)
rNeg     . . .     Faith    .   P - +0 plate armour
rPois    +         Spirit   .   T - +1 hat
rElec    .         Reflect  +   D - scarf {+Inv}
rCorr    .         Harm     .   J - +1 pair of gloves (curse)
MR       +....                  (no boots)
Stlth    ..........             O - amulet of reflection
HPRegen  0.34/turn              f - ring of see invisible
MPRegen  0.09/turn              z - ring of poison resistance

@: no status effects
A: retaliatory headbutt, horns 2
a: Berserk, Trog's Hand, Brothers in Arms, Renounce Religion, Evoke Invisibility


You were on level 2 of the Orcish Mines.
You worshipped Trog.
Trog was extremely pleased with you.
You were hungry.

You visited 3 branches of the dungeon, and saw 23 of its levels.

You collected 1811 gold pieces.
You spent 128 gold pieces at shops.

Inventory:

Hand Weapons
 a - a +3 antimagic battleaxe (weapon)
 b - a +3 executioner's axe of flaming
 y - a +1 battleaxe of electrocution
Missiles
 k - 41 boomerangs (quivered)
 l - 165 poisoned darts
 G - 9 curare-tipped darts
 K - 368 arrows
Armour
 D - a scarf of invisibility (worn)
 J - a cursed +1 pair of gloves (worn)
 L - a +1 cloak
 P - a +0 plate armour (worn)
 T - a +1 hat (worn)
Jewellery
 f - a ring of see invisible (left hand)
 r - an uncursed amulet of the acrobat
 s - an uncursed ring of resist corrosion
 z - a ring of poison resistance (right hand)
 O - an amulet of reflection (around neck)
Wands
 m - a wand of iceblast (2)
 o - a wand of acid (22)
 F - a wand of random effects (46)
 H - a wand of polymorph (6)
 I - a wand of flame (44)
 M - a wand of digging (8)
 V - a wand of clouds (8)
Scrolls
 e - 3 scrolls of magic mapping
 j - a scroll of blinking
 p - a scroll of identify
 q - 2 scrolls of fog
 u - 8 scrolls of teleportation
 w - 3 scrolls of enchant armour
 x - 6 scrolls of fear
 A - 7 scrolls of remove curse
 C - a scroll of silence
 W - a scroll of summoning
 X - 2 scrolls of enchant weapon
Potions
 d - 4 potions of mutation
 g - a potion of flight
 h - a potion of haste
 i - 10 potions of curing
 t - a potion of ambrosia
 v - 2 potions of cancellation
 B - 3 potions of heal wounds
 E - 3 potions of stabbing
 N - 3 potions of might
 Q - a potion of berserk rage
 U - 2 potions of resistance
Miscellaneous
 Z - a phial of floods
Comestibles
 c - 42 rations


   Skills:
 + Level 16.1 Fighting
 + Level 21.4 Axes
 + Level 16.0 Armour
 + Level 8.5 Dodging


You had 14 spell levels left.
You didn't know any spells.
Your spell library was empty.

Dungeon Overview and Level Annotations

Branches:
Dungeon (15/15)            Temple (0/1) D:6            Lair (6/6) D:8
 Shoals (0/4) Lair:2       Spider (0/4) Lair:2        Slime (0/5) Lair:5
    Orc (2/2) D:9             Elf (0/3) Orc:2        Depths (0/5) D:15
 Vaults: D:13-14

Altars:
Dithmenos
Gozag
Qazlal
Ru
Vehumet
Xom
Zin
The Shining One
Beogh

Shops:
D:4 :   D:6 [*   D:8 *   D:9 [   D:11 *   D:15 =   Orc:2 *:

Annotations:
Lair:5 exclusion: 4 oklob plants


Innate Abilities, Weirdness & Mutations

You reflexively headbutt those who attack you in melee.
You have a pair of horns on your head.


Message History

You slash the troll! You headbutt the troll.
The troll is severely wounded.
Your deep troll barely misses the troll.
Your deep troll claws the troll! x2
The troll dies!
Trog accepts your kill.
The troll leather armour is intact enough to wear.
Your deep troll bites the troll!!
The troll dies!
Trog accepts your kill.
Your Armour skill increases to level 16!
The ogre mage points at the ogre and mumbles some strange words.
The ogre seems to speed up.
Your deep troll bites the ogre!
Your deep troll claws the ogre!!
The ogre dies!
Trog accepts your kill.
The two-headed ogre hits you with a cursed -2 giant spiked club!!
* * * LOW HITPOINT WARNING * * *
The two-headed ogre hits you with a cursed +0 giant club!
You die...

....#..#........######.......##
......C.C.......####..........#
O......OO#......#.###........##
∩.#.##.##.C.................##
..O. #####..OO.............##
###. ##.#O...........### #
####TO.........# #..O)......###
####@T.....## ##..#...>....#
##............###
#.#.............##
####..........<...##
###..................#
##..........#..........#
#.##.......###..........
####........##.........#


You could see a two-headed ogre, an ogre mage (invisible), a cyclops, a troll, 3
ogres and a friendly deep troll (summoned, berserk).

Vanquished Creatures
  Gastronok (D:10)
  A ghoul (D:13)
  Nessos (Lair:6)
  An ettin (Orc:2)
  Harold (D:11)
  2 catoblepae
  7 hydras
  A centaur warrior (D:13)
  7 two-headed ogres
  A death knight (D:12)
  A deep troll shaman (Lair:6)
  5 death yaks (Lair:6)
  Nergalle (Lair:1)
  An unseen horror (D:10)
  Pikel (D:8)
  A wolf spider (Lair:2)
  9 elephants (Lair:6)
  2 ugly things (D:11)
  7 black mambas
  Joseph (Lair:1)
  A centaur zombie (D:12)
  11 spiny frogs
  A centaur skeleton (D:9)
  4 rime drakes
  6 komodo dragons
  A freezing wraith (D:12)
  5 trolls
  3 meliai (D:13)
  2 jumping spiders (Lair:2)
  A queen bee (Lair:1)
  2 polar bears
  11 blink frogs
  5 slime creatures
  Prince Ribbit (D:7)
  8 hippogriffs
  8 dream sheep
  A vampire (D:10)
  3 spriggans (Lair:4)
  A shadow (D:11)
  2 water elementals (D:12)
  Sigmund (D:5)
  2 redbacks (Lair:2)
  6 wraiths
  3 wyverns
  3 basilisks
  55 yaks
  A hungry ghost (D:12)
  4 wargs (Orc:2)
  6 porcupines
  Duvessa (D:4)
  17 water moccasins
  16 orc warriors
  4 phantoms
  6 sky beasts
  5 ice beasts
  A slave (D:8)
  4 black bears
  13 ogres
  15 wolves
  11 centaurs
  18 crocodiles
  Blork the orc (D:5)
  A big kobold (D:7)
  17 bullfrogs
  A gnoll sergeant (D:6)
  A wyvern zombie (D:7)
  Dowan (D:4)
  6 scorpions
  38 killer bees
  7 electric eels (D:12)
  3 crimson imps
  A quasit (D:11)
  5 hounds
  10 orc priests
  3 jellies
  14 orc wizards
  Crazy Yiuf (D:5)
  4 bullfrog skeletons
  Jessica (D:3)
  Ijyb (D:5)
  2 iguanas
  9 worker ants
  A killer bee zombie (D:6)
  A hound skeleton (D:7)
  A howler monkey zombie (D:9)
  10 adders
  9 gnolls
  4 shadow imps
  2 oozes (D:1)
  An adder zombie (D:6)
  2 adder skeletons
  6 worms
  3 dart slugs
  9 leopard geckos
  97 orcs
  2 giant cockroaches (D:1)
  12 goblins
  4 hobgoblins
  5 jackals
  14 kobolds
  4 quokkas
  5 bats
  4 frilled lizards
  7 rats
  A butterfly (Lair:4)
  2 fungi
  5 plants
659 creatures vanquished.

Vanquished Creatures (collateral kills)
  An orc warlord (Orc:2)
  A hydra (Lair:6)
  A deep troll (Orc:2)
  6 elephants (Lair:6)
  A komodo dragon (Lair:6)
  3 trolls (Orc:2)
  4 dream sheep
  A water moccasin (Lair:6)
  2 ogres (Orc:2)
  An orc priest (Orc:2)
  An orc wizard (Orc:2)
  An orc (Orc:2)
23 creatures vanquished.

Vanquished Creatures (others)
  25 fungi
  11 plants
36 creatures vanquished.

Grand Total: 718 creatures vanquished

Notes
Turn   | Place    | Note
-------+----------+-------------------------------------------
     0 | D:1      | nicanaca0 the Minotaur Berserker began the quest for the
                  | Orb.
     0 | D:1      | Reached XP level 1. HP: 19/19 MP: 0/0
    83 | D:1      | Reached skill level 4 in Axes
    83 | D:1      | Reached XP level 2. HP: 24/26 MP: 1/1
   346 | D:1      | Reached skill level 5 in Axes
   375 | D:1      | Reached XP level 3. HP: 31/31 MP: 2/2
   939 | D:2      | Reached ** piety under Trog
  1307 | D:2      | Found a stormy altar of Qazlal.
  1591 | D:2      | Reached skill level 6 in Axes
  1591 | D:2      | Reached XP level 4. HP: 38/39 MP: 3/3
  2267 | D:2      | Found an opulent altar of Gozag.
  2734 | D:3      | Noticed Jessica
  2738 | D:3      | Killed Jessica
  2738 | D:3      | Reached skill level 7 in Axes
  2738 | D:3      | Reached XP level 5. HP: 37/45 MP: 4/4
  3070 | D:3      | Found a shimmering altar of Xom.
  3208 | D:3      | Reached skill level 8 in Axes
  3214 | D:3      | Reached *** piety under Trog
  3440 | D:3      | Reached XP level 6. HP: 43/51 MP: 5/5
  3793 | D:4      | Reached skill level 9 in Axes
  4037 | D:4      | Found a radiant altar of Vehumet.
  4049 | D:4      | Reached skill level 10 in Axes
  4049 | D:4      | Reached XP level 7. HP: 46/57 MP: 6/6
  4118 | D:4      | Found Datoed's Book Boutique.
  4245 | D:4      | Noticed Dowan
  4246 | D:4      | Noticed Duvessa
  4260 | D:4      | Killed Dowan
  4262 | D:4      | Killed Duvessa
  4750 | D:5      | Entered Level 5 of the Dungeon
  4884 | D:5      | Noticed Ijyb
  4889 | D:5      | Killed Ijyb
  4905 | D:5      | Noticed Sigmund
  4914 | D:5      | Killed Sigmund
  4914 | D:5      | Reached skill level 5 in Fighting
  4914 | D:5      | Reached skill level 11 in Axes
  4914 | D:5      | Reached XP level 8. HP: 55/68 MP: 7/7
  4934 | D:5      | Noticed Blork the orc
  4943 | D:5      | Killed Blork the orc
  5250 | D:5      | Reached **** piety under Trog
  5268 | D:5      | Found a runed translucent door.
  5269 | D:5      | Noticed Crazy Yiuf
  5276 | D:5      | Killed Crazy Yiuf
  5578 | D:5      | Reached skill level 5 in Armour
  5768 | D:6      | Found a staircase to the Ecumenical Temple.
  5786 | D:6      | Reached skill level 12 in Axes
  6012 | D:6      | Reached XP level 9. HP: 77/77 MP: 8/8
  6029 | D:6      | Found Cyrizup's Assorted Antiques.
  6090 | D:6      | Found Cuschuxeo's Armour Shop.
  6168 | D:6      | Reached skill level 13 in Axes
  7026 | D:6      | Reached skill level 14 in Axes
  7782 | D:7      | Noticed Prince Ribbit
  7793 | D:7      | Killed Prince Ribbit
  8157 | D:7      | Reached skill level 15 in Axes
  8326 | D:7      | Reached ***** piety under Trog
  8645 | D:8      | Found a staircase to the Lair.
  8657 | D:8      | Reached XP level 10. HP: 73/88 MP: 9/9
  8979 | D:8      | Reached skill level 16 in Axes
  9108 | D:8      | Got a warped quarterstaff
  9138 | D:8      | Found Plog's Lightly-Used Armoury.
  9364 | D:8      | Noticed Pikel
  9383 | D:8      | Killed Pikel
  9392 | D:8      | Found a shadowy altar of Dithmenos.
  9978 | D:9      | Noticed a two-headed ogre
  9990 | D:9      | Killed a two-headed ogre
  9990 | D:9      | Reached skill level 17 in Axes
 10171 | D:9      | Found a roughly hewn altar of Beogh.
 10171 | D:9      | Found a staircase to the Orcish Mines.
 10470 | D:9      | Received a gift from Trog
 10813 | D:9      | Reached XP level 11. HP: 78/99 MP: 10/10
 10947 | D:9      | Reached skill level 10 in Fighting
 11207 | D:9      | Reached skill level 18 in Axes
 11420 | D:9      | Reached skill level 10 in Armour
 11499 | D:9      | Found Paamm's Armour Emporium.
 11654 | D:9      | Found a sacrificial altar of Ru.
 11914 | D:10     | Entered Level 10 of the Dungeon
 11960 | Lair:1   | Entered Level 1 of the Lair of Beasts
 12721 | Lair:1   | Noticed Nergalle
 12729 | Lair:1   | Killed Nergalle
 12938 | Lair:1   | Reached skill level 19 in Axes
 13296 | Lair:1   | Reached XP level 12. HP: 73/112 MP: 11/11
 13467 | Lair:1   | Noticed Joseph
 13476 | Lair:1   | Killed Joseph
 13938 | Lair:2   | Noticed a six-headed hydra
 13953 | Lair:2   | Killed a six-headed hydra
 13982 | Lair:2   | HP: 5/112 [poisoned by a black mamba]
 13987 | Lair:2   | HP: 5/112 [poisoned by a black mamba]
 13994 | Lair:2   | HP: 5/112 [poisoned by a black mamba]
 14002 | Lair:2   | HP: 5/112 [poisoned by a black mamba]
 14639 | Lair:2   | Found a staircase to the Shoals.
 14728 | Lair:2   | Found a hole to the Spider Nest.
 15561 | Lair:3   | Noticed a catoblepas
 15575 | Lair:3   | Killed a catoblepas
 16546 | Lair:4   | Noticed an eight-headed hydra
 16937 | Lair:4   | Killed an eight-headed hydra
 17359 | Lair:4   | Reached XP level 13. HP: 116/122 MP: 12/12
 17388 | Lair:4   | Received a gift from Trog
 17388 | Lair:4   | Reached skill level 20 in Axes
 18920 | Lair:5   | Found a staircase to the Slime Pits.
 19760 | Lair:6   | Entered Level 6 of the Lair of Beasts
 19810 | Lair:6   | HP: 6/124 [elephant (3)]
 20494 | Lair:6   | Noticed Nessos
 20530 | Lair:6   | Killed Nessos
 21035 | Lair:6   | Reached skill level 5 in Dodging
 21083 | Lair:6   | Received a gift from Trog
 21714 | Lair:6   | Reached skill level 15 in Fighting
 21725 | Lair:6   | Reached XP level 14. HP: 119/135 MP: 13/13
 22402 | Lair:6   | Reached skill level 15 in Armour
 23079 | D:10     | Noticed Gastronok
 23089 | D:10     | Killed Gastronok
 23348 | D:10     | Found a glowing golden altar of the Shining One.
 23394 | D:10     | Reached skill level 21 in Axes
 23399 | D:10     | Received a gift from Trog
 23832 | D:11     | Found Togoassu's Hallowed Reliquary.
 23833 | D:11     | Found a glowing silver altar of Zin.
 23833 | D:11     | Noticed an angel
 23840 | D:11     | Bought a potion of curing for 48 gold pieces
 23840 | D:11     | Bought a potion of heal wounds for 80 gold pieces
 23890 | D:11     | Found a glowing silver altar of Zin.
 24052 | D:11     | Noticed Harold
 24064 | D:11     | Killed Harold
 25717 | D:12     | Received a gift from Trog
 26159 | D:12     | You fall into a shaft and drop 3 floors!
 26159 | D:15     | Entered Level 15 of the Dungeon
 26159 | D:15     | Found Livul's Jewellery Shoppe.
 26160 | D:15     | Noticed a ghoul
 26160 | D:15     | Noticed a ghoul
 26192 | D:13     | Killed a ghoul
 27601 | Orc:1    | Entered Level 1 of the Orcish Mines
 27835 | Orc:2    | Entered Level 2 of the Orcish Mines
 27920 | Orc:2    | Found a staircase to the Elven Halls.
 28011 | Orc:2    | Noticed an orc warlord
 28046 | Orc:2    | Killed an orc warlord
 28482 | Orc:2    | Found a roughly hewn altar of Beogh.
 28656 | Orc:2    | Found Metumu's Book Shop.
 28659 | Orc:2    | Found Mudedol's Assorted Antiques.
 28663 | Orc:2    | Reached XP level 15. HP: 144/144 MP: 4/14
 28706 | Orc:2    | HP: 2/144 [two-headed ogre/cursed -2 giant spiked club
                  | (22)]
 28706 | Orc:2    | Mangled by a two-headed ogre

Illustrated notes

Levels and vault maps discovered:
D:1:      evilmike_arrival_crescent, layout_loops_ring
D:2:      layout_basic, nicolae_overflow_hidden_temple, lemuel_round_altar
D:3:      layout_loops_ring, lemuel_round_altar, first_ration, uniq_jessica
D:4:      layout_cave_pools, lemuel_crystal_altar, serial_shops,
          kennysheep_mini_moat, uniq_duvessa
D:5:      layout_cave_pools, grunt_decor_arrowhead, minmay_manual_moon,
          uniq_blork_the_orc, uniq_sigmund, uniq_ijyb, uniq_crazy_yiuf_cottage
D:6:      layout_basic, temple_statues, serial_shops, shop,
          nicolae_shop_window_shopping, kennysheep_potato
D:7:      layout_cave_pods, grunt_ogre_cave, uniq_prince_ribbit1
D:8:      layout_basic, due_lair_maze_entry_diamond,
          chequers_serial_rivers_marsh, minmay_shop_damaged,
          nicolae_dithmenos_shadow_blocks, uniq_pikel
D:9:      layout_stronghold, david_orc_5, serial_shops, shop_statue,
          lemuel_tele_altar
D:10:     layout_cave_pools, nicolae_tso_swordbearing_angel, uniq_gastronok
D:11:     layout_roguey, basic_altar, special_room [special_room_orc],
          nicolae_good_shop, uniq_harold
D:12:     layout_basic
D:13:     layout_loops_ring, nrook_guardian_serpent_ordinary
D:14:     layout_irregular_city, skrybe_vaults_entry_preservation,
          serial_bayou_lagoon_a, nicolae_trove_entry_crossroad, uniq_snorg,
          uniq_josephine
D:15:     hangedman_depths_entry_civil_slaughter, layout_cave_pools,
          serial_undead, serial_undead_e, serial_undead_d, serial_undead_d,
          serial_undead_d, serial_shops, shop_coins, nicolae_shop_crystal,
          shop_fountains, shop, nicolae_shop_waterfront, minivault_19,
          uniq_agnes
Lair:1:   layout_long_grid, special_room [special_room_bee], lemuel_fruit_tree,
          uniq_joseph, uniq_nergalle
Lair:2:   layout_long_grid, elwin_shoals_entry_rocks,
          spider_nest_entry_funnel_web
Lair:3:   layout_cave_shapes
Lair:4:   layout_regular_city, wad_woods_02, grunt_megastairs_1,
          lemuel_fruit_fields
Lair:5:   layout_cave_pods, minmay_slime_entry_pillars,
          infiniplex_staircase_pool, minmay_lair_oklob_chamber
Lair:6:   grunt_lair_end_beastmaster, layout_layer_cave, grunt_megastairs_2,
          lemuel_fruit_fields, uniq_nessos
Orc:1:    layout_caves, serial_shops, shop, nicolae_orc_crystal_geode
Orc:2:    st_orc_open, layout_diamond_mine, basic_altar

Skill      XL: |  1  2  3  4  5  6  7  8  9 10 11 12 13 14 15 |
---------------+----------------------------------------------+-----
Axes           | 4 5 6 7 8 10 11 12 15 17 19 20 21 | 21.4
Fighting       | 5 6 8 9 11 13 15 16 | 16.1
Armour         | 4 5 7 9 11 13 14 15 16 | 16.0
Dodging        | 5 8 |  8.5

Action                   |  1- 3 |  4- 6 |  7- 9 | 10-12 | 13-15 || total
-------------------------+-------+-------+-------+-------+-------++-------
Melee: Hand axe          |    63 |    43 |       |    51 |       ||   157
       Headbutt          |     6 |    23 |    47 |    94 |   163 ||   333
       War axe           |       |    69 |   312 |   103 |       ||   484
       Broad axe         |       |       |       |   361 |     5 ||   366
       Whip              |       |       |       |    32 |       ||    32
       Battleaxe         |       |       |       |       |   631 ||   631
       Executioner's axe |       |       |       |       |   124 ||   124
Throw: Dart              |       |       |       |     3 |       ||     3
       Boomerang         |       |       |       |       |    16 ||    16
Invok: Trog's Hand       |       |     2 |     7 |     2 |     1 ||    12
       Berserk           |       |       |     1 |       |       ||     1
       Brothers in Arms  |       |       |       |     1 |     3 ||     4
Evoke: Wand              |       |       |     2 |     4 |       ||     6
  Use: Scroll            |       |       |    10 |    12 |    11 ||    33
       Potion            |       |       |       |     1 |     1 ||     2
 Stab: Distracted        |       |       |       |       |     3 ||     3
  Eat: Chunk             |     2 |     9 |    11 |    15 |    20 ||    57
       Ration            |       |       |     2 |     4 |     5 ||    11
Armor: Animal skin       |     3 |       |       |       |       ||     3
       Ring mail         |       |    29 |    25 |       |       ||    54
       Plate armour      |       |       |   156 |   285 |   360 ||   801
Dodge: Dodged            |    33 |   100 |   222 |   316 |   409 ||  1080
Block: Buckler           |       |       |       |    50 |       ||    50
       Other             |       |       |       |       |    21 ||    21
